3L
MONTANA PANDAS @ OAKLAND OAKS
09/23/2029
 
TOP OF THE 1ST
Montana Pandas batting - Pitching for Oakland Oaks : RHP Dave Stephenson
Pitching: RHP Dave Stephenson
Batting: LHB Roberto Fierro 0-0: Ball
1-0: Ball
2-0: Foul Ball, location: 2F
2-1: Ball
3-1: Base on Balls
Batting: RHB Phil Sherman 0-0: Ball
1-0: Foul Ball, location: 2F
1-1: Ball
2-1: Called Strike
2-2: Fly out, F5 (Line Drive, 5)
Batting: LHB José León 0-0: Ball
1-0: Foul Ball, location: 2F
1-1: Ball
2-1: Fielders Choice at 2nd, 3-6 (Groundball, 3)
Batting: LHB José Ruíz 0-0: Foul Ball, location: 2F
0-1: Foul Ball, location: 2F
0-2: Ground out 4-3 (Groundball, 4)
Top of the 1st over - 0 runs, 0 hits, 0 errors, 1 left on base; Montana 0 - Oakland 0
BOTTOM OF THE 1ST
Oakland Oaks batting - Pitching for Montana Pandas : RHP Roberto De La Cruz
Pitching: RHP Roberto De La Cruz
Batting: LHB Todd Williams 0-0: Foul Ball, location: 2F
0-1: Ball
1-1: Ball
2-1: Fly out, F4 (Popup, 4D)
Batting: SHB Luis Luquín 0-0: Ball
1-0: Ground out 6-3 (Groundball, 6)
Batting: LHB Todd Henry 0-0: Ball
1-0: Ball
2-0: Ball
3-0: Base on Balls
Batting: RHB Yehonatan Chazan 0-0: Called Strike
0-1: Ball
1-1: Swinging Strike
1-2: Foul Ball, location: 2F
1-2: Fielders Choice at 2nd, 6-4 (Groundball, 56)
Bottom of the 1st over - 0 runs, 0 hits, 0 errors, 1 left on base; Montana 0 - Oakland 0
TOP OF THE 2ND
Montana Pandas batting - Pitching for Oakland Oaks : RHP Dave Stephenson
Batting: LHB Chris McKinney 0-0: Called Strike
0-1: Hit by Pitch
Batting: LHB Enrique Ortega 0-0: Called Strike
0-1: Ball
1-1: Ball
2-1: Ball
3-1: DOUBLE (Line Drive, 78D)
Chris McKinney to third
Batting: RHB Willis Kirkendall 0-0: Ball
1-0: Ball
2-0: Ball
3-0: Called Strike
3-1: Base on Balls
Batting: RHB Pau Arria 0-0: Ball
1-0: Called Strike
1-1: Swinging Strike
1-2: Ball
2-2: Ball
3-2: Foul Ball, location: 2F
3-2: Strikes out swinging
Batting: SHB Raúl Duarte 0-0: Swinging Strike
0-1: Ball
1-1: Ball
2-1: Called Strike
2-2: Strikes out swinging
Batting: LHB Roberto Fierro 0-0: Called Strike
0-1: Ball
1-1: Ball
2-1: Fly out, F6 (Popup, 6)
Top of the 2nd over - 0 runs, 1 hit, 0 errors, 3 left on base; Montana 0 - Oakland 0
BOTTOM OF THE 2ND
Oakland Oaks batting - Pitching for Montana Pandas : RHP Roberto De La Cruz
Batting: LHB David Holbrook 0-0: Ball
1-0: Ball
2-0: Ball
3-0: Called Strike
3-1: Foul Ball, location: 2F
3-2: Ground out 3-1 (Groundball, 34)
Batting: RHB Joseph Papasogli 0-0: Ball
1-0: Ball
2-0: Swinging Strike
2-1: Foul Ball, location: 2F
2-2: Fly out, F5 (Flyball, 5D)
Batting: LHB Edwin Church 0-0: Foul Ball, location: 2F
0-1: Ball
1-1: Called Strike
1-2: Ball
2-2: Strikes out looking
Bottom of the 2nd over - 0 runs, 0 hits, 0 errors, 0 left on base; Montana 0 - Oakland 0
TOP OF THE 3RD
Montana Pandas batting - Pitching for Oakland Oaks : RHP Dave Stephenson
Batting: RHB Phil Sherman 0-0: Called Strike
0-1: Ball
1-1: Swinging Strike
1-2: Ball
2-2: Strikes out looking
Batting: LHB José León 0-0: Called Strike
0-1: Ground out 4-3 (Groundball, 4)
Batting: LHB José Ruíz 0-0: Foul Ball, location: 2F
0-1: Called Strike
0-2: Ball
1-2: Strikes out swinging
Top of the 3rd over - 0 runs, 0 hits, 0 errors, 0 left on base; Montana 0 - Oakland 0
BOTTOM OF THE 3RD
Oakland Oaks batting - Pitching for Montana Pandas : RHP Roberto De La Cruz
Batting: RHB Ricardo Téllez 0-0: Ball
1-0: Ball
2-0: Foul Ball, location: 2F
2-1: Swinging Strike
2-2: Strikes out looking
Batting: RHB Tetsunori Kimura 0-0: SINGLE (Groundball, 4MD)
Batting: LHB Todd Williams 0-0: Swinging Strike
0-1: Ball
1-1: Foul Ball, location: 2F
1-2: Strikes out looking
Batting: SHB Luis Luquín 0-0: Called Strike
0-1: Ball
1-1: Called Strike
1-2: Ball
2-2: Ground out 4-3 (Groundball, 34)
Bottom of the 3rd over - 0 runs, 1 hit, 0 errors, 1 left on base; Montana 0 - Oakland 0
TOP OF THE 4TH
Montana Pandas batting - Pitching for Oakland Oaks : RHP Dave Stephenson
Batting: LHB Chris McKinney 0-0: Ball
1-0: Ball
2-0: Foul Ball, location: 2F
2-1: Ball
3-1: Foul Ball, location: 2F
3-2: Reached on error, E4 (Groundball, 4)
Batting: LHB Enrique Ortega 0-0: Called Strike
0-1: Grounds into double play, 4-6-3 (Groundball, 4)
Batting: RHB Willis Kirkendall 0-0: Ball
1-0: Foul Ball, location: 2F
1-1: Foul Ball, location: 2F
1-2: Ball
2-2: Ball
3-2: Strikes out looking
Top of the 4th over - 0 runs, 0 hits, 1 error, 0 left on base; Montana 0 - Oakland 0
BOTTOM OF THE 4TH
Oakland Oaks batting - Pitching for Montana Pandas : RHP Roberto De La Cruz
Batting: LHB Todd Henry 0-0: Ball
1-0: SINGLE (Groundball, 4D)
Batting: RHB Yehonatan Chazan 0-0: Called Strike
0-1: Fly out, F8 (Flyball, 8LXD)
Batting: LHB David Holbrook 0-0: Called Strike
0-1: Ground out U3 (Groundball, 3L)
Todd Henry to second
Batting: RHB Joseph Papasogli 0-0: Ball
1-0: Called Strike
1-1: Foul Ball, location: 2F
1-2: Fly out, F8 (Flyball, 89D)
Bottom of the 4th over - 0 runs, 1 hit, 0 errors, 1 left on base; Montana 0 - Oakland 0
TOP OF THE 5TH
Montana Pandas batting - Pitching for Oakland Oaks : RHP Dave Stephenson
Batting: RHB Pau Arria 0-0: Called Strike
0-1: Ball
1-1: Ground out 4-3 (Groundball, 4)
Batting: SHB Raúl Duarte 0-0: Swinging Strike
0-1: Called Strike
0-2: Ball
1-2: Foul Ball, location: 2F
1-2: Foul Ball, location: 2F
1-2: Ball
2-2: Ball
3-2: Base on Balls
Batting: LHB Roberto Fierro 0-0: Ball
1-0: Ball
2-0: Foul Ball, location: 2F
2-1: Ball
3-1: SINGLE (Groundball, 34D)
Raúl Duarte to second
Runner from 2nd tries for 3rd, SAFE, no throw
Batting: RHB Phil Sherman 0-0: Ball
Roberto Fierro steals 2nd base
1-0: Called Strike
1-1: Called Strike
1-2: Fly out, F5 (Popup, 56)
Batting: LHB José León 0-0: Ball
1-0: Ball
2-0: Ball
3-0: Base on Balls
Batting: LHB José Ruíz 0-0: Ball
1-0: Foul Ball, location: 2F
1-1: Called Strike
1-2: Ball
2-2: Ground out 3-1 (Groundball, 34)
Top of the 5th over - 0 runs, 1 hit, 0 errors, 3 left on base; Montana 0 - Oakland 0
BOTTOM OF THE 5TH
Oakland Oaks batting - Pitching for Montana Pandas : RHP Roberto De La Cruz
Batting: LHB Edwin Church 0-0: Called Strike
0-1: Ball
1-1: Ball
2-1: Ground out 1-3 (Groundball, 13)
Batting: RHB Ricardo Téllez 0-0: Fly out, F3 (Popup, 3S)
Batting: RHB Tetsunori Kimura 0-0: Called Strike
0-1: Ground out 4-3 (Groundball, 4M)
Bottom of the 5th over - 0 runs, 0 hits, 0 errors, 0 left on base; Montana 0 - Oakland 0
TOP OF THE 6TH
Montana Pandas batting - Pitching for Oakland Oaks : RHP Dave Stephenson
Pitching: LHP Gerardo García
Batting: LHB Chris McKinney 0-0: Ball
1-0: Foul Ball, location: 2F
1-1: Ball
2-1: Swinging Strike
2-2: Reached via error on a dropped throw, E1
Batting: LHB Enrique Ortega 0-0: Foul Ball, location: 2F
0-1: Grounds into double play, 4-6-3 (Groundball, 4M)
Batting: RHB Willis Kirkendall 0-0: Called Strike
0-1: Swinging Strike
0-2: Foul Ball, location: 2F
0-2: Ball
1-2: Foul Ball, location: 2F
1-2: Ground out 4-3 (Groundball, 4)
Top of the 6th over - 0 runs, 0 hits, 1 error, 0 left on base; Montana 0 - Oakland 0
BOTTOM OF THE 6TH
Oakland Oaks batting - Pitching for Montana Pandas : RHP Roberto De La Cruz
Batting: LHB Todd Williams 0-0: Foul Ball, location: 2F
0-1: Called Strike
0-2: Strikes out looking
Batting: SHB Luis Luquín 0-0: Fly out, F9 (Flyball, 89D)
Batting: LHB Todd Henry 0-0: Ball
1-0: Ball
2-0: Called Strike
2-1: Ball
3-1: Foul Ball, location: 2F
3-2: Foul Ball, location: 2F
3-2: Base on Balls
Batting: RHB Yehonatan Chazan 0-0: Called Strike
0-1: DOUBLE (Line Drive, 8RXD)
Todd Henry to third
Batting: LHB David Holbrook 0-0: Swinging Strike
0-1: SINGLE (Groundball, 2L) (infield hit)
Todd Henry scores
Yehonatan Chazan to third
Batting: RHB Joseph Papasogli 0-0: Ball
1-0: Ball
2-0: Fly out, F9 (Flyball, 89M)
Bottom of the 6th over - 1 run, 2 hits, 0 errors, 2 left on base; Montana 0 - Oakland 1
TOP OF THE 7TH
Montana Pandas batting - Pitching for Oakland Oaks : LHP Gerardo García
Batting: RHB Pau Arria 0-0: Fly out, F5 (Line Drive, 5)
Batting: SHB Raúl Duarte 0-0: Called Strike
0-1: SINGLE (Groundball, 56D)
Pinch Hitting: RHB Chris Costa 0-0: Called Strike
0-1: Fly out, F7 (Flyball, 78S)
Batting: RHB Phil Sherman 0-0: Ball
1-0: Ball
2-0: Ball
3-0: Called Strike
3-1: Ground out 1-3 (Groundball, P)
Top of the 7th over - 0 runs, 1 hit, 0 errors, 1 left on base; Montana 0 - Oakland 1
BOTTOM OF THE 7TH
Oakland Oaks batting - Pitching for Montana Pandas : RHP Roberto De La Cruz
Now in LF: Chris Costa
Batting: LHB Edwin Church 0-0: Ball
1-0: SINGLE (Groundball, 4D)
Pitching: RHP Raúl Luna
Batting: RHB Ricardo Téllez 0-0: Ball
1-0: Swinging Strike
1-1: Foul Ball, location: 2F
1-2: Ball
2-2: Strikes out swinging
Pinch Hitting: RHB Mike Wazowski 0-0: Foul Ball, location: 2F
0-1: Called Strike
0-2: Ball
1-2: Strikes out swinging
Batting: LHB Todd Williams 0-0: Called Strike
Pickoff Throw to First - Out!
Bottom of the 7th over - 0 runs, 1 hit, 0 errors, 0 left on base; Montana 0 - Oakland 1
TOP OF THE 8TH
Montana Pandas batting - Pitching for Oakland Oaks : LHP Gerardo García
Now in CF: Mike Wazowski
Batting: LHB José León 0-0: Called Strike
0-1: Ball
1-1: Foul Ball, location: 2F
1-2: Ground out 4-3 (Groundball, 4M)
Batting: LHB José Ruíz 0-0: Foul Ball, location: 2F
0-1: Swinging Strike
0-2: Ball
1-2: Ground out 5-3 (Groundball, 56)
Batting: LHB Chris McKinney 0-0: Called Strike
0-1: Ball
1-1: Ball
2-1: Called Strike
2-2: Foul Ball, location: 2F
2-2: Fly out, F7 (Flyball, 7LS)
Top of the 8th over - 0 runs, 0 hits, 0 errors, 0 left on base; Montana 0 - Oakland 1
BOTTOM OF THE 8TH
Oakland Oaks batting - Pitching for Montana Pandas : RHP Raúl Luna
Batting: LHB Todd Williams 0-0: Ball
1-0: Ball
2-0: Called Strike
2-1: Foul Ball, location: 2F
2-2: Ground out 3-1 (Groundball, 34)
Batting: SHB Luis Luquín 0-0: Ball
1-0: Ball
2-0: Fly out, F6 (Line Drive, 6M)
Batting: LHB Todd Henry 0-0: Called Strike
0-1: Ball
1-1: Ball
2-1: Foul Ball, location: 2F
2-2: Fly out, F8 (Flyball, 8LM)
Bottom of the 8th over - 0 runs, 0 hits, 0 errors, 0 left on base; Montana 0 - Oakland 1
TOP OF THE 9TH
Montana Pandas batting - Pitching for Oakland Oaks : LHP Gerardo García
Pitching: LHP José Castaneda
Batting: LHB Enrique Ortega 0-0: Swinging Strike
0-1: Called Strike
0-2: Ball
1-2: Ball
2-2: DOUBLE (Groundball, 5L)
Batting: RHB Willis Kirkendall 0-0: Ball
1-0: Foul Ball, location: 2F
1-1: Ball
2-1: Called Strike
2-2: Ball
3-2: Base on Balls
Batting: RHB Pau Arria 0-0: Called Strike
0-1: Foul Ball, location: 2F
0-2: Strikes out swinging
Pinch Hitting: LHB Alfred Miles 0-0: Ball
1-0: Ball
2-0: Ball
3-0: Called Strike
3-1: Fielders Choice at 2nd, 3-6 (Groundball, 3)
Enrique Ortega to third
Batting: RHB Chris Costa Pickoff Throw to First - Error! E1
Enrique Ortega scores
Alfred Miles to second
0-0: Called Strike
0-1: Foul Ball, location: 2F
0-2: Strikes out swinging
Top of the 9th over - 1 run, 1 hit, 1 error, 1 left on base; Montana 1 - Oakland 1
BOTTOM OF THE 9TH
Oakland Oaks batting - Pitching for Montana Pandas : RHP Raúl Luna
Now in LF: Alfred Miles
Batting: RHB Yehonatan Chazan 0-0: Called Strike
0-1: Ball
1-1: Foul Ball, location: 2F
1-2: Ball
2-2: Foul Ball, location: 2F
2-2: Ball
3-2: Base on Balls
Pitching: RHP Ash Wooden
Batting: LHB David Holbrook 0-0: Ball
1-0: Called Strike
1-1: Fly out, F7 (Flyball, 7D)
Runner from 1st tags up, OUT at 2nd
Batting: RHB Joseph Papasogli 0-0: Swinging Strike
0-1: Swinging Strike
0-2: Ball
1-2: Ball
2-2: Ball
3-2: Ground out 6-3 (Groundball, 6)
Bottom of the 9th over - 0 runs, 0 hits, 0 errors, 0 left on base; Montana 1 - Oakland 1
TOP OF THE 10TH
Montana Pandas batting - Pitching for Oakland Oaks : LHP José Castaneda
Batting: RHB Phil Sherman 0-0: SINGLE (Flyball, 78S)
Batting: LHB José León 0-0: Ball
1-0: Called Strike
1-1: Fly out, F8 (Flyball, 8RS)
Batting: LHB José Ruíz 0-0: SINGLE (Groundball, 4D)
Phil Sherman to second
Batting: LHB Chris McKinney 0-0: Called Strike
0-1: Called Strike
0-2: Strikes out swinging
Batting: LHB Enrique Ortega 0-0: Called Strike
0-1: Ball
1-1: Foul Ball, location: 2F
1-2: DOUBLE (Line Drive, 9LM)
Phil Sherman scores
José Ruíz to third
Batting: RHB Willis Kirkendall 0-0: Ball
1-0: Ball
2-0: Ball
3-0: Base on Balls
Batting: RHB Pau Arria 0-0: Called Strike
0-1: Ball
1-1: Ball
2-1: Fly out, F8 (Flyball, 8RD)
Top of the 10th over - 1 run, 3 hits, 0 errors, 3 left on base; Montana 2 - Oakland 1
BOTTOM OF THE 10TH
Oakland Oaks batting - Pitching for Montana Pandas : RHP Ash Wooden
Pitching: RHP Jeff Territt
Batting: LHB Edwin Church 0-0: Ball
1-0: Fly out, F9 (Flyball, 89M)
Batting: RHB Ricardo Téllez 0-0: Called Strike
0-1: Swinging Strike
0-2: Ball
1-2: Strikes out swinging
Batting: RHB Mike Wazowski 0-0: Called Strike
0-1: Swinging Strike
0-2: Strikes out looking
Bottom of the 10th over - 0 runs, 0 hits, 0 errors, 0 left on base; Montana 2 - Oakland 1
Tuesday, December 19th, 2017 - OOTP Baseball 18.8 Build 76